Map: Amygdala

Players

TeslaSucks - Winner!

  • Race: Zerg Zerg
  • League: Gold
  • Spawn Location: 1:00

iPlayDefense

  • Race: Terran Terran
  • League: Bronze
  • Spawn Location: 7:00

VOD

Have the link to the VOD?

Description

Time

  • Played on: April 12, 2025, 9:28 p.m.
  • Length: 13:10
Show
View Real Time Build Order
Export as new Build Order

TeslaSucks Zerg - Winner!

Build Orders: Pool First 

Get SALT Encoding   

  12  0:00  Drone  
  13  0:10  Drone  
  14  0:21  Extractor  
  14  0:22  Drone  
  14  0:23  Drone, Extractor  
  16  0:29  Overlord  
  16  0:45  Spawning Pool  
  16  0:47  Drone  
  16  0:51  Drone  
  17  0:59  Drone  
  17  1:02  Extractor  
  17  1:09  Drone  
  18  1:17  Drone  
  19  1:33  Queen  
  19  1:36  Drone  
  22  1:40  Hatchery  
  22  1:42  Drone  
  22  1:53  Overlord  
  22  1:57  Extractor  
  21  2:08  Drone  
  22  2:23  Drone  
  22  2:24  Drone  
  22  2:26  Lair  
  24  2:34  Drone  
  25  2:45  Drone  
  26  2:52  Drone  
  26  2:55  Queen  
  26  2:56  Drone  
  30  2:59  Hatchery  
  30  3:04  Drone x2  
  31  3:19  Drone x2  
  33  3:29  Drone x2  
  33  3:31  Infestation Pit  
  34  3:38  Drone x2  
  36  3:45  Evolution Chamber  
  35  3:51  Drone  
  35  3:54  Overlord  
  36  4:06  Hatchery  
  36  4:07  Hive  
  35  4:14  Drone x2  
  35  4:15  Drone x3  
  40  4:20  Zerg Ground Armor Level 1  
  40  4:26  Spore Crawler  
  40  4:30  Queen  
  41  4:39  Drone x4  
  41  4:40  Drone  
  41  4:42  Drone  
  47  4:48  Spore Crawler  
  47  4:50  Extractor  
  45  4:55  Extractor  
  45  4:58  Queen  
  47  5:00  Drone x3  
  49  5:15  Drone  
  49  5:17  Overlord x4  
  50  5:26  Ultralisk Cavern  
  49  5:39  Spore Crawler  
  49  5:40  Drone x3  
  49  5:41  Drone x6  
  49  5:42  Extractor  
  56  5:43  Extractor  
  56  5:46  Pneumatized Carapace  
  56  5:49  Drone x3  
  58  6:00  Evolution Chamber  
  58  6:03  Drone  
  58  6:04  Drone x7  
  58  6:05  Drone  
  66  6:19  Chitinous Plating  
  66  6:24  Spire x2  
  64  6:28  Queen  
  64  6:29  Drone x2  
  64  6:30  Drone x2  
  64  6:31  Drone  
  71  6:39  Drone x5  
  77  6:40  Drone, Overlord  
  77  6:55  Overlord  
  77  6:56  Overlord x6  
  77  7:16  Drone x9  
  86  7:24  Zerg Ground Armor Level 2  
  86  7:25  Zerg Melee Weapons Level 1  
  86  7:26  Drone  
  87  7:31  Spine Crawler, Spore Crawler  
  87  7:33  Extractor  
  87  7:34  Spine Crawler x2  
  87  7:35  Spine Crawler  
  81  7:38  Anabolic Synthesis, Extractor  
  81  7:43  Drone x5  
  85  7:50  Hatchery  
  84  8:02  Overlord x2  
  84  8:03  Overlord x4  
  84  8:33  Ultralisk  
  114  8:34  Ultralisk x5  
  114  8:36  Ultralisk  
  126  9:02  Drone x15  
  141  9:03  Drone  
  141  9:04  Hatchery  
  141  9:15  Greater Spire x2  
  141  9:17  Metabolic Boost  
  141  9:25  Extractor  
  141  9:26  Spine Crawler, Drone, Extractor  
  141  9:27  Spore Crawler, Drone x5  
  141  9:28  Drone x2  
  141  9:29  Spine Crawler  
  144  9:35  Drone x10  
  154  9:56  Zerg Ground Armor Level 3  
  154  9:57  Overseer  
  154  10:04  Spine Crawler  
  154  10:05  Spine Crawler, Ultralisk  
  154  10:06  Spine Crawler, Spore Crawler, Ultralisk x3  
  174  10:10  Drone x2  
  174  10:11  Drone x7  
  183  10:36  Adrenal Glands  
  183  10:48  Ultralisk x2  
  195  10:55  Hatchery  
  194  11:01  Extractor  
  194  11:02  Extractor  
  194  11:03  Spine Crawler  
  191  11:05  Spine Crawler  
  191  11:06  Spore Crawler  
  191  11:07  Spine Crawler, Drone  
  191  11:08  Drone x11  
  200  11:26  Hatchery  
  198  11:57  Overlord  
  198  11:58  Overlord x4  
  198  12:23  Hatchery  
  198  12:25  Hatchery  
  198  12:26  Hatchery  
  198  12:27  Spawning Pool  
  198  12:29  Hydralisk Den  
  193  12:30  Ultralisk Cavern  
  193  12:32  Spore Crawler, Baneling Nest  
  193  12:36  Drone  
  193  12:37  Drone x9  
  198  12:38  Spawning Pool  
  199  12:47  Spore Crawler  
  199  12:49  Spore Crawler  
  197  12:53  Spore Crawler  
  197  12:55  Spore Crawler x2  
  197  12:58  Spore Crawler x2  
  187  12:59  Spore Crawler  
  187  13:00  Spore Crawler  
Show
View Real Time Build Order
Export as new Build Order

iPlayDefense Terran 

Build Orders:  

Get SALT Encoding   

  12  0:02  SCV  
  13  0:18  Supply Depot  
  13  0:19  SCV  
  14  0:25  Refinery  
  14  0:43  Barracks  
  14  0:53  Supply Depot  
  14  1:13  SCV  
  15  1:25  SCV  
  16  1:38  Orbital Command, Barracks Reactor  
  16  2:01  Command Center  
  16  2:06  SCV  
  17  2:18  SCV  
  18  2:23  Marine x2  
  20  2:36  SCV  
  21  2:41  Marine x2  
  23  2:48  SCV  
  24  2:55  Supply Depot  
  24  2:56  Supply Depot  
  24  2:58  Marine  
  24  2:59  Marine  
  24  3:00  SCV  
  27  3:06  Factory  
  27  3:13  Orbital Command  
  27  3:19  Supply Depot  
  27  3:26  SCV  
  27  3:28  Marine  
  28  3:38  SCV  
  28  3:39  Refinery  
  29  3:53  Barracks  
  29  3:56  Barracks, Factory Tech Lab  
  29  4:08  SCV  
  30  4:13  Supply Depot  
  30  4:16  Supply Depot  
  30  4:20  SCV  
  31  4:27  Marine x2  
  33  4:32  SCV  
  33  4:33  Siege Tank  
  33  4:37  Supply Depot  
  37  4:42  Barracks Tech Lab  
  37  4:44  Barracks Tech Lab  
  37  5:00  SCV x2  
  37  5:03  Marine  
  37  5:04  Marine  
  41  5:11  Supply Depot  
  41  5:12  SCV  
  42  5:21  Marine, Engineering Bay  
  42  5:25  SCV x2  
  42  5:26  Supply Depot  
  45  5:29  Marine x3  
  48  5:37  Supply Depot  
  48  5:39  Marine  
  49  5:43  Supply Depot  
  49  5:47  Marauder x2  
  49  5:49  Supply Depot, SCV x2  
  55  5:51  Marine  
  56  5:57  Terran Infantry Weapons Level 1, Marine  
  56  6:00  Armory  
  56  6:01  SCV  
  58  6:08  Marine  
  59  6:16  Supply Depot  
  59  6:19  SCV  
  59  6:20  SCV  
  59  6:21  Marine x2  
  59  6:22  Marine  
  64  6:26  Marine  
  64  6:28  Siege Tank  
  64  6:32  SCV  
  69  6:36  Supply Depot  
  69  6:40  Marauder  
  69  6:41  Supply Depot  
  69  6:44  Marauder  
  73  6:51  Command Center  
  73  6:56  SCV  
  73  6:57  SCV  
  73  6:58  Marine x2  
  77  7:01  Marauder  
  77  7:03  Supply Depot  
  77  7:05  Marine  
  80  7:08  SCV  
  80  7:09  Supply Depot  
  80  7:14  Supply Depot  
  81  7:16  Marine  
  82  7:23  SCV x2  
  82  7:24  Marine x3  
  82  7:29  Supply Depot  
  87  7:32  Supply Depot  
  87  7:34  Marine  
  87  7:35  Combat Shield, SCV  
  87  7:36  Stimpack  
  89  7:43  Marauder  
  91  8:00  Starport  
  91  8:30  SCV x2  
  91  8:31  Marine x2  
  91  8:32  Marine x2  
  97  8:35  Siege Tank  
  97  8:39  Starport Reactor  
  100  8:42  SCV  
  101  8:50  Marauder x2  
  105  9:01  Terran Vehicle Weapons Level 1  
  105  9:07  Siege Tank  
  108  9:11  Marauder  
  108  9:14  SCV  
  108  9:16  Marine x3  
  114  9:25  Refinery  
  114  9:26  SCV  
  114  9:28  Refinery  
  115  9:32  Marine  
  115  9:34  Marauder  
  115  9:36  Orbital Command  
  118  9:38  SCV  
  118  9:39  SCV, Siege Tank  
  118  9:43  Marine x2  
  125  9:51  SCV x2, Marauder  
  129  9:56  Marauder  
  131  10:01  Marine x2  
  131  10:03  SCV x2  
  135  10:11  Siege Tank  
  135  10:12  Marauder  
  140  10:15  SCV x2  
  140  10:17  Marauder  
  144  10:23  Missile Turret  
  144  10:27  SCV x2, Liberator  
  149  10:33  Marauder  
  151  10:38  SCV  
  151  10:39  SCV x2, Marine, Marauder  
  151  10:40  Marine  
  158  10:43  Siege Tank  
  161  10:50  SCV  
  161  10:54  Marine, Refinery  
  161  10:55  Terran Vehicle And Ship Armor Level 1  
  161  10:56  Refinery  
  163  10:57  Marine  
  163  11:00  Marauder  
  166  11:12  Marauder  
  166  11:15  Medivac  
  166  11:16  Siege Tank, Medivac  
  175  11:21  Marauder  
  177  11:45  Medivac  
  177  11:46  Medivac  
  181  11:54  SCV x3, Marine  
  181  11:55  Marine x3  
  181  11:57  Siege Tank  
  188  12:13  Marauder x2  
  188  12:15  Medivac  
  194  12:27  SCV x2  
  194  12:28  SCV, Marine x2  
  199  12:34  Marine  
Tags
 
Matchup
TvZ
Opening
Pool First
Replay Pack
DaveSC2
Spawn Locations
Cross Positions
Add a new tag
Caveats
  • Supply blocks, unpowered buildings, or Contaminate may cause inaccurate times.
  • Supply counts are checked every 10 seconds.